Map: Blackpink LE

Players

Plasmid

  • Race: Zerg Zerg
  • League: Diamond
  • Spawn Location: 7:00

Augphlosion - Winner!

  • Race: Zerg Zerg
  • League: Diamond
  • Spawn Location: 1:00

VOD

Have the link to the VOD?

Description

Time

  • Played on: March 10, 2018, 5:23 p.m.
  • Length: 9:15
Show
View Real Time Build Order
Export as new Build Order

Plasmid Zerg 

Build Orders: Hatch First, Zergling Baneling 

Get SALT Encoding   

  12  0:01  Drone  
  13  0:13  Overlord  
  13  0:19  Drone  
  14  0:31  Drone x2  
  14  0:35  Drone  
  17  0:46  Drone  
  18  0:56  Hatchery  
  17  0:59  Extractor  
  17  1:01  Drone  
  17  1:08  Drone  
  18  1:19  Spawning Pool  
  18  1:23  Drone  
  18  1:29  Overlord  
  18  1:40  Drone  
  19  1:52  Drone  
  20  2:06  Queen  
  22  2:09  Zergling x4, Baneling Nest  
  22  2:11  Zergling x2  
  24  2:16  Queen  
  24  2:20  Zergling x2  
  27  2:26  Zergling x2  
  25  2:32  Zergling x2  
  26  2:38  Metabolic Boost  
  23  2:52  Zergling x6  
  23  2:54  Baneling x2  
  26  3:05  Zergling x2  
  26  3:06  Zergling x2  
  22  3:17  Zergling x6  
  24  3:23  Baneling x2  
  23  3:29  Zergling x2  
  23  3:30  Zergling x2  
  22  3:41  Zergling x6  
  24  3:44  Baneling  
  24  3:45  Baneling  
  21  4:05  Zergling x2, Baneling  
  21  4:06  Zergling x6  
  24  4:15  Baneling  
  24  4:16  Baneling x2  
  22  4:17  Zergling x2  
  23  4:28  Zergling x2  
  23  4:29  Zergling x4  
  23  4:43  Zergling x8  
  26  4:51  Baneling x2  
  26  4:52  Zergling x2  
  23  4:58  Zergling x2  
  24  5:04  Zergling x2  
  23  5:16  Zergling x6  
  25  5:26  Zergling x4  
  25  5:32  Baneling x2  
  25  5:33  Zergling x2  
  25  5:40  Zergling x2  
  26  5:42  Baneling  
  26  5:43  Baneling  
  27  5:50  Zergling x4  
  28  6:02  Drone x2  
  30  6:12  Zergling x4  
  32  6:25  Zergling x4  
  33  6:38  Zergling x2  
  33  6:39  Zergling x4  
  32  6:45  Zergling x2  
  33  6:49  Zergling x2  
  34  6:56  Zergling x2  
  34  6:58  Queen  
  26  7:17  Zergling x6  
  26  7:18  Zergling x2  
  30  7:26  Drone x2  
  32  7:31  Zergling x2  
  32  7:34  Baneling x2  
  32  7:42  Zergling x4  
  28  8:03  Zergling x2  
  28  8:04  Zergling x6  
  26  8:24  Zergling x8  
  28  8:34  Queen  
  24  8:47  Zergling x10  
  24  8:48  Zergling x4  
Show
View Real Time Build Order
Export as new Build Order

Augphlosion Zerg - Winner!

Build Orders: Pool First, Zergling Baneling 

Get SALT Encoding   

  12  0:00  Drone  
  13  0:08  Drone  
  14  0:14  Extractor  
  14  0:16  Drone  
  14  0:32  Spawning Pool  
  13  0:38  Drone  
  14  0:43  Extractor, Drone  
  15  0:53  Overlord  
  15  1:19  Metabolic Boost, Queen  
  15  1:20  Zergling x2  
  15  1:22  Zergling x2  
  19  1:26  Zergling x2  
  19  1:31  Zergling x2  
  21  1:44  Baneling Nest  
  21  1:46  Zergling x2  
  21  1:56  Zergling x2  
  22  2:03  Overlord  
  22  2:23  Zergling x2  
  22  2:28  Zergling x8  
  25  2:43  Zergling x2  
  26  2:52  Baneling x5  
  26  2:54  Zergling x2  
  27  3:02  Zergling x2  
  26  3:18  Zergling x6  
  28  3:23  Zergling x2  
  28  3:39  Hatchery, Zergling x8  
  25  3:43  Baneling x2  
  25  3:50  Zergling x2  
  25  3:53  Baneling  
  25  3:54  Baneling  
  25  4:09  Zergling x2  
  22  4:17  Zergling x2  
  22  4:19  Queen  
  25  4:26  Zergling x4  
  25  4:30  Baneling  
  25  4:31  Baneling  
  26  4:37  Zergling x2  
  26  4:44  Zergling x4  
  25  4:51  Zergling x4  
  25  5:05  Baneling x2  
  25  5:07  Zergling x4  
  27  5:13  Zergling x4  
  25  5:26  Zergling x6  
  24  5:36  Drone x2  
  24  5:39  Zergling x2  
  27  5:45  Zergling x2  
  27  5:48  Zergling x2  
  29  6:00  Zergling x6  
  32  6:09  Zergling x4  
  34  6:20  Zergling x2  
  34  6:21  Zergling x2  
  34  6:23  Overlord  
  35  6:37  Zergling x2  
  35  6:38  Zergling x4  
  35  6:46  Overlord, Drone  
  36  6:48  Drone  
  37  6:57  Zergling x4  
  31  7:02  Baneling  
  31  7:04  Zergling x4  
  32  7:15  Zergling x2  
  32  7:16  Zergling x4  
  34  7:31  Zergling x10  
  34  7:35  Drone  
  34  7:37  Drone  
  39  7:44  Zergling x4  
  41  7:50  Zergling x4  
  42  7:57  Zergling x4  
  37  8:06  Zergling x6  
  37  8:10  Drone  
  41  8:14  Drone  
  41  8:15  Zergling x2  
  37  8:28  Zergling x10  
  41  8:41  Zergling x10  
  42  8:53  Zergling x8  
Tags
 
Add a new tag
Caveats
  • Supply blocks, unpowered buildings, or Contaminate may cause inaccurate times.
  • Supply counts are checked every 10 seconds.